 Dungeon Crawl Stone Soup version 0.30-a0-643-g638baaf3f0 (webtiles) character file.

Game seed: 18153766255024844599

3115 Citaku the Protected (level 9, 0/79 HPs)
             Began as a Minotaur Fighter on Jan 16, 2023.
             Killed from afar by an electric eel (2 damage)
             ... with a bolt of electricity
             ... in a bailey.
             The game lasted 00:09:08 (6921 turns).

Citaku the Protected (Minotaur Fighter)             Turns: 6921, Time: 00:09:09

Health: 0/79       AC: 17    Str: 26    XL:     9   Next: 60%
Magic:  8/8        EV:  7    Int:  5    God:
Gold:   400        SH:  5    Dex:  9    Spells: 8/8 levels left

rFire   . . .      SeeInvis .    a - +0 war axe
rCold   . . .      Faith    .    c - +0 buckler
rNeg    . . .      Spirit   .    z - +0 plate armour
rPois   .          Reflect  .    (helmet restricted)
rElec   .          Harm     .    n - +0 cloak
rCorr   .          Rampage  .    (no gloves)
Will    +....                    x - +0 pair of boots Stlth
                                 (no amulet)
HPRegen 0.33/turn                w - ring of willpower
MPRegen 0.11/turn                (no ring)

@: no status effects
A: horns 2, retaliatory headbutt
a: no special abilities


You were in a bailey.
You visited 2 branches of the dungeon, and saw 9 of its levels.
You also visited: Bailey.

You collected 400 gold pieces.

Inventory:

Hand Weapons
 a - a +0 war axe (weapon)
Missiles
 u - 6 javelins (quivered)
Armour
 c - a +0 buckler (worn)
 n - a +0 cloak (worn)
 x - a +0 pair of boots (worn)
 z - a +0 plate armour (worn)
Jewellery
 w - a ring of willpower (left hand)
Wands
 p - a wand of flame (58)
 y - a wand of iceblast (31)
Scrolls
 e - 3 scrolls of magic mapping {unknown}
 f - a scroll of blinking {unknown}
 g - 4 scrolls of enchant armour {unknown}
 h - 4 scrolls of identify {unknown}
 j - 4 scrolls of fog {unknown}
 l - 2 scrolls of enchant weapon {unknown}
 m - 3 scrolls of amnesia {unknown}
 t - a scroll of teleportation {unknown}
 C - a scroll of poison {unknown}
 D - a scroll of fear {unknown}
Potions
 d - 2 potions of might
 i - a potion of mutation {unknown}
 k - 5 potions of heal wounds {unknown}
 o - 7 potions of curing {unknown}
 q - a potion of magic {unknown}
 r - 2 potions of haste {unknown}
 s - 2 potions of cancellation {unknown}
 v - a potion of berserk rage {unknown}
 A - a potion of degeneration {unknown}
 B - 2 potions of attraction {unknown}
 F - a potion of brilliance {unknown}


   Skills:
 + Level 7.5 Fighting
 * Level 9.8 Axes
 * Level 10.0 Armour
 + Level 7.4 Shields


You had 8 spell levels left.
You didn't know any spells.
Your spell library contained the following spells:

 Spells                   Type           Power      Damage    Failure   Level
 Beastly Appendage        Tmut           0%         N/A       99%         1
 Freeze                   Ice            0%         1d3       99%         1
 Blink                    Tloc           0%         N/A       100%        2
 Lesser Beckoning         Tloc           0%         N/A       100%        2
 Momentum Strike          Conj/Tloc      0%         3d8       100%        2
 Wereblood                Tmut           0%         N/A       100%        2
 Frozen Ramparts          Ice            0%         1d1       100%        3
 Hailstorm                Conj/Ice       0%         3d3       100%        3
 Spider Form              Tmut/Pois      0%         N/A       100%        3
 Vhi's Electric Charge    Tloc/Air       0%         N/A       100%        3
 Arcjolt                  Conj/Air       0%         1d10      100%        5
 Maxwell's Capacitive Co  Air            0%         ∞         100%        8


Dungeon Overview and Level Annotations

Branches:
Dungeon (8/15)             Temple (1/1) D:4          Bailey (1/1)
   Lair: D:8-11

Altars:
Dithmenos
Elyvilon
Fedhas
Hepliaklqana
Makhleb
Nemelex Xobeh
Okawaru
Ru
Sif Muna
Trog
Uskayaw
Wu Jian
Xom
Yredelemnul
Zin
The Shining One

Shops:
D:2 (   D:3 [


Innate Abilities, Weirdness & Mutations

You have a pair of horns on your head.
You reflexively headbutt those who attack you in melee.


Message History

An electric eel comes into view.
You closely miss the electric eel. You barely miss the electric eel.
Your headbutt misses the electric eel.
The electric eel shoots out a bolt of lightning at you!
The bolt of electricity hits you.
You hit the electric eel. Your headbutt misses the electric eel.
The electric eel is moderately wounded.
The electric eel shoots out a bolt of lightning at you!
The bolt of electricity hits you.
You barely miss the electric eel. Your headbutt misses the electric eel.
The electric eel is moderately wounded.
The electric eel shoots out a bolt of lightning at you!
The bolt of electricity hits you.
The electric eel shoots out a bolt of lightning at you!
The bolt of electricity hits you but does no damage.
You hit the electric eel.
The electric eel is heavily wounded.
The electric eel shoots out a bolt of lightning at you!
The bolt of electricity misses you.
You barely miss the electric eel. Your headbutt misses the electric eel.
The electric eel is heavily wounded.
The electric eel shoots out a bolt of lightning at you!
The bolt of electricity hits you!
The electric eel shoots out a bolt of lightning at you!
The bolt of electricity hits you!
* * * LOW HITPOINT WARNING * * *
Okay, then.
The electric eel shoots out a bolt of lightning at you!
The bolt of electricity hits you.
* * * LOW HITPOINT WARNING * * *
The electric eel shoots out a bolt of lightning at you!
The bolt of electricity hits you.
* * * LOW HITPOINT WARNING * * *
The electric eel shoots out a bolt of lightning at you!
The bolt of electricity hits you!
* * * LOW HITPOINT WARNING * * *
There is a gate leading back out of this place here.
The electric eel shoots out a bolt of lightning at you!
The bolt of electricity hits you.
You die...

≈≈≈≈≈≈≈≈≈...≈≈≈≈≈≈≈
≈≈≈≈≈≈≈≈≈...≈≈≈≈≈≈≈
≈≈≈≈≈≈≈≈S...S≈≈≈≈≈≈
≈≈≈≈≈≈.........≈≈≈
#######.......####
#.......# #.......#
#...∩)..# #...@)..#
###.))### #.∩.#
#####


You could see 2 electric eels.

Vanquished Creatures
  A steam dragon (D:6)
  A black bear (D:5)
  An ice beast (D:7)
  An orc warrior (Bailey)
  A hornet zombie (D:5)
  An ogre (D:4)
  A kobold brigand (D:7)
  A bullfrog (D:7)
  A wyvern zombie (D:5)
  4 scorpions
  4 necrophages
  A water moccasin zombie (D:5)
  7 wights
  A centaur zombie (D:5)
  3 howler monkeys
  4 hounds
  2 jellies
  A gnoll bouda (D:6)
  A human zombie (D:5)
  9 orc priests
  Jessica (D:2)
  Natasha (thrice) (D:3)
  4 iguanas
  7 orc wizards
  2 hound zombies (D:5)
  A mummy (D:5)
  Robin (D:2)
  7 gnolls
  9 adders
  A shadow imp (D:6)
  A white imp (D:5)
  2 ufetubi
  3 worms
  5 dart slugs
  39 orcs
  9 ball pythons
  3 bats
  6 endoplasms
  8 giant cockroaches
  11 goblins
  9 hobgoblins
  6 jackals
  17 kobolds
  4 quokkas
  5 frilled lizards
  13 rats
223 creatures vanquished.

Vanquished Creatures (others)
  An iguana (D:6)
  An orc (D:3)
  5 withered plants (D:8)
7 creatures vanquished.

Grand Total: 230 creatures vanquished

Notes
Turn   | Place    | Note
-------+----------+-------------------------------------------
     0 | D:1      | Citaku the Minotaur Fighter began the quest for the Orb.
     0 | D:1      | Reached XP level 1. HP: 19/19 MP: 0/0
    69 | D:1      | Reached XP level 2. HP: 24/27 MP: 1/1
   256 | D:1      | Reached skill level 4 in Armour
   332 | D:1      | Reached XP level 3. HP: 33/33 MP: 2/2
   712 | D:2      | Noticed Jessica
   720 | D:2      | Killed Jessica
   769 | D:2      | Reached XP level 4. HP: 24/40 MP: 3/3
   881 | D:2      | Noticed Robin
   886 | D:2      | Killed Robin
   926 | D:2      | Found Coduduv's Weapon Shop.
  1428 | D:3      | Reached skill level 5 in Armour
  1447 | D:2      | Reached XP level 5. HP: 9/47 MP: 4/4
  1603 | D:3      | Found Zachypay's Antique Armour Emporium.
  1821 | D:3      | Noticed Natasha
  1833 | D:3      | Killed Natasha
  1968 | D:3      | Noticed Natasha
  1983 | D:3      | Killed Natasha
  1984 | D:3      | Reached XP level 6. HP: 41/53 MP: 5/5
  2018 | D:3      | Noticed Natasha
  2022 | D:3      | Killed Natasha
  2023 | D:3      | Reached skill level 5 in Axes
  2115 | D:3      | Found a white marble altar of Elyvilon.
  2241 | D:3      | Noticed a moth of wrath
  2244 | D:3      | Found a bloodstained altar of Trog.
  2470 | D:3      | Found a burning altar of Makhleb.
  2520 | D:4      | Found a staircase to the Ecumenical Temple.
  2530 | D:4      | Reached skill level 5 in Fighting
  2530 | D:4      | Reached skill level 6 in Armour
  2708 | D:4      | Found a sacrificial altar of Ru.
  2828 | D:4      | Reached skill level 5 in Shields
  2828 | D:4      | Reached XP level 7. HP: 20/61 MP: 6/6
  3115 | D:4      | Found a shimmering altar of Xom.
  3332 | D:4      | Found a glowing golden altar of the Shining One.
  3540 | Temple   | Entered the Ecumenical Temple
  3603 | D:5      | Entered Level 5 of the Dungeon
  3664 | D:5      | Reached skill level 7 in Armour
  3755 | D:5      | Reached XP level 8. HP: 25/70 MP: 7/7
  4676 | D:5      | Reached skill level 8 in Armour
  4934 | D:5      | Found a basalt altar of Yredelemnul.
  5267 | D:6      | Reached XP level 9. HP: 72/77 MP: 8/8
  5309 | D:6      | Reached skill level 9 in Armour
  5578 | D:6      | Found a hide-covered altar of Uskayaw.
  5750 | D:6      | Identified the +6 short sword of Silly Guilt {vamp, *Rage
                  | rF+ Will+ Str+4}
  6571 | D:8      | Found a flagged portal.
  6603 | Bailey   | Entered a bailey
  6831 | Bailey   | Reached skill level 10 in Armour
  6920 | Bailey   | HP: 2/79 [electric eel/bolt of electricity (13)]
  6921 | Bailey   | Killed from afar by an electric eel

Illustrated notes

Levels and vault maps discovered:
D:1:      reono_arrival_mine, layout_basic
D:2:      layout_rooms, serial_shops, nicolae_shop_hallway_plus, uniq_robin,
          uniq_jessica
D:3:      layout_loops_ring, elyvilon_altar_4, lightli_temple_of_fire, tgw_trog,
          serial_shops, shop, uniq_natasha
D:4:      layout_loops_ring, lemuel_coloured_pillars_altar, marbit_many_paths,
          tso_oasis_becter, minmay_temple_entry_gardened_gates
D:5:      layout_rooms, lemuel_mausoleum_altar_yredelemnul
D:6:      layout_rooms, mainiacjoe_overflow_six_doors_small
D:7:      layout_rooms
D:8:      layout_basic, cheibriados_altar_1, kiku_gazebo_garden_becter,
          lair_entry_dummy, enter_bailey_6, chequers_decorated_corner,
          item_on_display_a
Temple:   hellmonk_temple_rainy
Bailey:   bailey_axe_of_yendor_kennysheep, bailey

Skill      XL: |  1  2  3  4  5  6  7  8  9 |
---------------+----------------------------+-----
Axes           | 3 4 5 6 8 9 |  9.8
Armour         | 4 5 6 7 8 10 | 10.0
Fighting       | 4 5 6 7 |  7.5
Shields        | 4 5 6 7 |  7.4

Action                   |  1- 3 |  4- 6 |  7- 9 || total
-------------------------+-------+-------+-------++-------
Melee: War axe           |    51 |   156 |   305 ||   512
       Headbutt          |     7 |    25 |    45 ||    77
  Use: Potion            |       |     1 |     1 ||     2
       Scroll            |       |       |     2 ||     2
Armor: Scale mail        |    24 |    95 |   104 ||   223
       Plate armour      |       |       |    38 ||    38
Dodge: Dodged            |    38 |    72 |   127 ||   237
Block: Buckler           |    10 |    36 |    72 ||   118

Table legend: (Time is in decaauts)
 A = Elapsed time spent in this place.
 B = Non-inter-level travel time spent in this place.
 C = Inter-level travel time spent in this place.
 D = Time resting spent in this place.
 E = Time spent auto-exploring this place.
 F = Levels seen in this place.
 G = Mean time per level.
                   A        B        C        D        E       F      G
               +--------+--------+--------+--------+--------+-----+--------+
         Total |   7025 |   6804 |    221 |   1348 |   4194 |  10 |  702.5 |
       Dungeon |   6683 |   6475 |    208 |   1120 |   4185 |   8 |  835.4 |
        Temple |     23 |     11 |     12 |      0 |      9 |   1 |   23.0 |
        Bailey |    318 |    318 |      0 |    228 |      0 |   1 |  318.0 |
               +--------+--------+--------+--------+--------+-----+--------+

Top non-repeatable levels by time:
     D:5: 1654 daAuts
     D:4: 1075 daAuts
     D:3: 958 daAuts
     D:2: 913 daAuts
     D:7: 768 daAuts
     D:1: 706 daAuts
     D:6: 533 daAuts
  Bailey: 318 daAuts
     D:8: 73 daAuts
  Temple: 23 daAuts
